AoeStats
← LethalHubris

Arabia

511449841Analyzed
2v2 RM · 11d ago on Oct 5, 2026· 63m 12s· 4 players
Game mode
Random Map
Map size
Medium (4 player)
Population
200
Speed
Normal
Resources
Standard
Victory
Conquest
Starting age
Dark Age
Ending age
Imperial Age
RankedLock teamsTeams togetherTeam positionsShared explorationLock speedFull tech treeHidden civsTurbo modeCheats
Victory
Defeat
🇺🇸 Khitans · United States
1229
+15
🇺🇸 Lithuanians · United States
1217
+15
vs
🇦🇷 Persians · Argentina
1229
-16
🇦🇷 Chinese · Argentina
1181
-14
TK | SICK SAD BOOK
5:02 Loom
9:32 Feudal Age
19:23 Double-Bit Axe
23:11 Castle Age
23:35 Bloodlines
25:11 Padded Archer Armor
27:19 Husbandry
28:20 Scale Barding Armor
36:20 Forging
42:44 Imperial Age
41:43 Wheelbarrow
40:54 Town Watch
43:11 Cavalier
45:03 Elite Skirmisher
47:08 Fletching
48:37 Bodkin Arrow
48:58 Leather Archer Armor
49:05 Ballistics
51:19 Chemistry
56:18 Iron Casting
55:43 Scale Mail Armor
55:47 Pikeman
56:28 Squires
TK | izzylet
0:27 Loom
9:28 Feudal Age
9:55 Double-Bit Axe
19:04 Fletching
23:02 Castle Age
21:31 Padded Archer Armor
21:41 Gold Mining
22:18 Horse Collar
23:03 Crossbowman
23:42 Bodkin Arrow
24:10 Bow Saw
25:33 Gold Shaft Mining
29:37 Wheelbarrow
30:03 Town Watch
33:53 Leather Archer Armor
33:50 Heavy Plow
34:47 Hand Cart
35:48 Hand Cart
36:29 Ballistics
38:44 Imperial Age
36:56 Hand Cart
39:14 Town Patrol
39:33 Masonry
40:31 Chemistry
38:54 Arbalester
39:50 Thumb Ring
42:33 Bracer
43:05 Ring Archer Armor
45:22 Two-Man Saw
45:25 Elite Skirmisher
48:04 Scale Mail Armor
48:14 Forging
48:17 Pikeman
48:57 Squires
49:01 Halberdier
50:39 Chain Mail Armor
50:59 Iron Casting
56:14 Conscription
61:26 Plate Mail Armor
61:57 Blast Furnace
61:04 Husbandry
61:52 Light Cavalry
62:43 Bloodlines
LethalHubris
6:12 Loom
9:45 Feudal Age
10:38 Double-Bit Axe
10:35 Domestication
17:11 Gold Mining
20:19 Castle Age
19:27 Fletching
20:22 Padded Archer Armor
22:39 Bodkin Arrow
22:57 Bow Saw
23:15 Heavy Cavalry Archer
24:12 Leather Archer Armor
24:29 Husbandry
30:08 Imperial Age
33:44 Bracer
34:01 Thumb Ring
34:07 Town Watch
35:05 Parthian Tactics
36:52 Ring Archer Armor
38:49 Ballistics
39:36 Chemistry
40:12 Stone Mining
40:59 Wheelbarrow
42:26 Town Patrol
46:39 Scale Barding Armor
46:45 Forging
48:23 Wheelbarrow
48:12 Chain Barding Armor
50:02 Iron Casting
50:03 Plate Barding Armor
49:06 Light Cavalry
50:35 Hussar
52:17 Conscription
Stonefoot28
5:06 Loom
9:42 Feudal Age
12:24 Double-Bit Axe
12:34 Horse Collar
24:35 Castle Age
23:07 Town Watch
23:58 Wheelbarrow
25:08 Bloodlines
25:04 Scale Barding Armor
25:10 Forging
26:06 Chain Barding Armor
26:39 Forging
31:05 Iron Casting
30:39 Husbandry
33:51 Heavy Plow
35:23 Bow Saw
36:31 Fletching
37:23 Gold Mining
37:27 Stone Mining
38:27 Hand Cart
38:12 Town Patrol
40:09 Devotion
44:50 Imperial Age
42:55 Bodkin Arrow
43:42 Redemption
45:03 Cavalier
46:32 Plate Barding Armor
47:49 Padded Archer Armor
47:11 Elite Skirmisher
48:49 Bracer
49:51 Leather Archer Armor
54:31 Ring Archer Armor
55:26 Two-Man Saw
60:03 Conscription
61:00 Tower Shields
Connection lost

Rejoining the realm…

Still unreachable

The connection could not be restored.

Session expired

The server has moved on; the page needs a fresh start.